Map: Orbital Shipyard

Players

Sempervirens

  • Race: Terran Terran
  • League: Diamond

LilDicky - Winner!

  • Race: Terran Terran
  • League: Diamond

VOD

http://www.twitch.tv/tumescentpie

Description

Time

  • Played on: Nov. 27, 2015, 10:06 p.m.
  • Length: 12:38
Show
View Real Time Build Order
Export as new Build Order

Sempervirens Terran 

Build Orders: Reaper Expand, Bio Tank 

Get SALT Encoding   

  12  0:00  SCV  
  13  0:12  SCV  
  14  0:18  Supply Depot  
  14  0:25  SCV  
  15  0:40  SCV, Barracks  
  16  0:45  Refinery  
  16  0:52  SCV  
  18  1:04  SCV  
  18  1:16  SCV  
  19  1:28  Reaper  
  20  1:35  Command Center  
  20  1:45  Orbital Command  
  20  1:54  Supply Depot  
  19  2:17  Factory  
  19  2:18  SCV  
  19  2:20  Refinery  
  20  2:27  Marine  
  21  2:30  SCV  
  22  2:48  SCV  
  22  2:49  Orbital Command  
  22  2:56  Marine  
  23  3:00  SCV  
  23  3:01  Starport  
  24  3:12  Factory Tech Lab, SCV  
  25  3:14  Marine  
  25  3:16  SCV  
  27  3:27  SCV  
  27  3:28  SCV  
  27  3:32  Marine  
  27  3:33  Siege Tank  
  33  3:35  Supply Depot  
  33  3:39  Viking  
  35  3:46  SCV x2  
  37  3:49  Engineering Bay, Marine  
  38  4:05  SCV, Siege Tank  
  38  4:06  SCV  
  38  4:07  Marine  
  44  4:11  Barracks  
  44  4:13  Barracks  
  44  4:16  Medivac  
  46  4:17  Supply Depot  
  46  4:27  SCV x2  
  48  4:33  Marine  
  49  4:38  Missile Turret  
  49  4:41  SCV x2, Missile Turret  
  49  4:44  Siege Tank  
  54  4:51  Marine  
  55  4:53  Refinery  
  55  4:54  SCV  
  55  4:55  SCV  
  55  4:56  Medivac  
  59  5:01  Barracks Tech Lab  
  59  5:10  Barracks Tech Lab  
  58  5:59  Missile Turret  
  58  6:04  SCV x2  
  58  6:06  Marine x3  
  62  6:17  Supply Depot  
  62  6:18  Supply Depot  
  60  6:39  Medivac  
  62  6:40  SCV x2, Siege Tank, Marine  
  62  6:42  Terran Infantry Weapons Level 1, Combat Shields  
  62  6:43  Stimpack, Marine x2  
  70  7:06  Supply Depot  
  70  7:07  Supply Depot x2  
  70  7:11  Command Center  
  70  7:16  Marine  
  70  7:17  Barracks x3  
  70  7:19  SCV  
  70  7:20  Barracks  
  70  7:27  SCV, Viking, Marine x2  
  73  7:31  SCV  
  73  7:34  Marine  
  71  7:39  SCV  
  71  7:43  SCV  
  73  7:45  Marine x2  
  75  7:52  Marine  
  76  8:03  Marine  
  77  8:18  Marine  
  77  8:19  Marine  
  77  8:20  Marine  
  62  8:36  Marine  
  62  8:37  Marine  
  62  8:38  Marine  
  62  8:40  Siege Tank  
  62  8:41  Medivac  
  65  8:54  Marine  
  65  8:55  Marine  
  67  8:56  Marine  
  67  8:57  Missile Turret  
  67  8:58  SCV  
  67  8:59  SCV  
  70  9:03  Terran Infantry Armor Level 1  
  70  9:05  Refinery  
  70  9:06  Missile Turret  
  70  9:07  Engineering Bay  
  70  9:10  Armory  
  70  9:11  SCV x2, Medivac  
  70  9:12  Siege Tank, Marine x2  
  70  9:14  Barracks, Marine  
  70  9:15  Barracks  
  80  9:17  Barracks  
  80  9:18  Barracks  
  80  9:26  Planetary Fortress  
  80  9:30  Marine x2  
  82  9:31  Missile Turret  
  82  9:32  SCV, Sensor Tower, Marine  
  82  9:33  SCV  
  85  9:44  SCV  
  85  9:45  SCV  
  87  9:48  Marine x2  
  87  9:49  Marine  
  90  9:55  Refinery  
  90  9:56  SCV, Terran Infantry Weapons Level 2  
  90  9:57  SCV, Refinery  
  90  9:58  Terran Vehicle Weapons Level 1  
  92  10:00  Siege Tank, Medivac  
  92  10:03  Marine x2  
  92  10:04  Marine x2  
  92  10:05  Marine  
  92  10:06  Marine  
  103  10:07  Marine  
  103  10:09  SCV  
  103  10:14  Command Center, SCV x2  
  107  10:20  Marine  
  107  10:21  SCV, Supply Depot  
  109  10:22  Supply Depot  
  109  10:29  SCV x2, Marine x5  
  109  10:34  Marine  
  108  10:38  Marine  
  109  10:47  Marine x5  
  103  10:52  Marine  
  103  10:53  Medivac  
  103  10:54  Siege Tank  
  103  10:55  SCV x2  
  103  10:56  SCV, Marine  
  113  11:05  Marine x5  
  113  11:07  SCV  
  113  11:08  SCV x2  
  113  11:09  Marine  
  122  11:15  Supply Depot  
  122  11:16  Supply Depot  
  122  11:19  Supply Depot, SCV  
  122  11:20  Supply Depot, Barracks Reactor  
  122  11:23  Barracks Reactor, Medivac  
  122  11:25  Barracks Reactor  
  125  11:26  Siege Tank  
  125  11:28  Barracks Reactor  
  128  11:38  Supply Depot  
  128  11:40  Supply Depot  
  128  11:49  Marine  
  128  11:50  Marine x2  
  128  11:53  Medivac  
  133  11:59  Siege Tank  
  136  12:07  Marine  
  136  12:08  Marine x2  
Show
View Real Time Build Order
Export as new Build Order

LilDicky Terran - Winner!

Build Orders: Banshee Rush 

Get SALT Encoding   

  12  0:03  SCV  
  13  0:16  SCV  
  13  0:20  Supply Depot  
  14  0:28  SCV, Refinery  
  15  0:42  SCV  
  16  0:46  Barracks  
  16  0:54  SCV  
  17  1:06  SCV  
  18  1:18  SCV  
  19  1:33  Orbital Command  
  19  1:34  Marine  
  19  1:37  Supply Depot  
  20  1:58  Marine  
  21  2:07  SCV  
  21  2:14  Factory  
  21  2:17  Marine  
  21  2:19  SCV  
  23  2:29  Refinery  
  23  2:31  SCV  
  23  2:34  Command Center  
  23  2:36  Marine  
  25  2:50  SCV  
  25  2:58  Factory Tech Lab  
  25  2:59  Starport  
  25  3:01  Marine  
  25  3:02  SCV  
  27  3:15  SCV  
  28  3:20  Siege Tank  
  28  3:25  Supply Depot  
  31  3:32  Marine  
  31  3:34  SCV  
  31  3:36  Starport Tech Lab  
  31  3:47  Orbital Command  
  31  3:50  Marine  
  31  3:54  Cloaking Field  
  31  3:55  Banshee  
  35  3:59  Engineering Bay  
  35  4:03  SCV  
  35  4:04  Supply Depot  
  35  4:08  Marine  
  35  4:09  Siege Tank  
  40  4:15  SCV  
  40  4:16  SCV  
  42  4:26  Marine  
  42  4:27  SCV  
  42  4:28  SCV  
  45  4:37  Banshee  
  48  4:39  SCV  
  48  4:41  Missile Turret  
  48  4:43  Missile Turret  
  48  4:44  SCV  
  50  4:49  Siege Tank  
  50  4:51  SCV  
  54  4:56  SCV  
  54  4:57  Refinery  
  54  4:59  Marine  
  56  5:03  SCV  
  57  5:09  SCV  
  57  5:10  Supply Depot, Missile Turret  
  58  5:17  Marine  
  59  5:21  Siege Tank  
  62  5:44  Banshee  
  62  5:45  SCV  
  63  6:08  SCV  
  63  6:09  SCV  
  65  6:11  Siege Tank  
  65  6:13  Marine  
  69  6:18  Barracks  
  69  6:21  Barracks  
  69  6:22  Command Center  
  69  6:30  SCV  
  67  6:36  Starport  
  67  6:38  SCV, Refinery  
  68  6:42  SCV  
  69  6:51  Starport Reactor  
  69  7:03  Marine  
  70  7:10  Barracks Reactor  
  70  7:15  Starport Reactor  
  70  7:16  Barracks Reactor  
  70  7:24  Supply Depot  
  70  7:33  Siege Tank  
  73  7:39  Viking x2  
  77  7:45  Stimpack  
  70  7:53  Marine x3  
  70  7:55  Viking  
  72  8:09  Viking x2  
  67  8:20  Marine x2  
  51  8:38  Marine x3  
  51  8:39  SCV x2  
  53  8:45  Marine x2  
  55  8:51  SCV x2  
  55  8:53  Barracks x2  
  55  8:54  Barracks  
  57  8:55  Marine  
  57  8:56  Engineering Bay  
  57  8:58  Engineering Bay, Barracks  
  57  9:02  Marine x2  
  59  9:03  SCV x2  
  59  9:04  Viking x2  
  59  9:08  Marine x2  
  68  9:10  Orbital Command  
  68  9:15  SCV  
  69  9:23  Supply Depot x2  
  69  9:24  Supply Depot  
  69  9:25  Missile Turret  
  69  9:27  Missile Turret  
  69  9:33  Missile Turret  
  69  9:37  Missile Turret  
  69  9:38  SCV x2, Viking, Marine x4  
  69  9:40  Terran Infantry Weapons Level 1  
  69  9:41  Supply Depot  
  69  9:43  Barracks Reactor  
  69  9:45  Barracks Reactor  
  77  9:50  SCV x2  
  79  9:53  SCV  
  79  9:55  Medivac  
  79  9:59  Marine  
  82  10:03  SCV x2  
  82  10:05  SCV  
  86  10:13  Marine x2  
  88  10:15  SCV x2  
  88  10:17  SCV  
  91  10:23  Marine  
  91  10:24  Marauder  
  91  10:26  Refinery, Missile Turret  
  91  10:27  Medivac  
  96  10:28  Refinery  
  96  10:35  Marine x3  
  93  10:37  Marine  
  93  10:46  Marauder  
  87  10:56  Marine x2  
  89  11:02  Barracks Tech Lab, Missile Turret  
  89  11:03  SCV, Missile Turret  
  90  11:10  Barracks Tech Lab  
  90  11:15  Missile Turret  
  90  11:17  Marine  
  91  11:21  SCV x2  
  91  11:22  SCV, Marine x2  
  91  11:23  Sensor Tower, Marauder  
  98  11:32  Marauder, Marine  
  103  11:33  Marauder  
  103  11:35  SCV  
  103  11:36  SCV  
  103  11:37  Marine  
  106  11:40  SCV  
  107  11:48  Supply Depot  
  107  11:49  SCV, Marine x2  
  107  11:50  Marauder  
  112  11:56  SCV x2, Marine x3  
Tags
 
Add a new tag
Caveats
  • Supply blocks, unpowered buildings, or Contaminate may cause inaccurate times.
  • Supply counts are checked every 10 seconds.